 Dungeon Crawl Stone Soup version 0.28-a0-664-gc179e30c89 (webtiles) character file.

Game seed: 4370770782560983658

1974 Irenicus the Earth Mage (level 9, -6/68 HPs)
             Began as a Deep Dwarf Earth Elementalist on Oct 15, 2021.
             Shot with a sling bullet by Joseph (17 damage)
             ... on level 7 of the Dungeon.
             The game lasted 00:26:36 (3715 turns).

Irenicus the Earth Mage (DDEE)                      Turns: 3715, Time: 00:26:36

Health: -6/68      AC:  6    Str: 17    XL:     9   Next: 0%
Magic:  2/11       EV: 11    Int: 20    God:
Gold:   249        SH:  0    Dex: 11    Spells: 6/12 levels left

rFire   + . .      SeeInvis .   k - +9 trident of Chagrin {freeze, rF+}
rCold   . . .      Faith    .   (no shield)
rNeg    . . .      Spirit   .   o - +0 leather armour
rPois   .          Reflect  .   (no helmet)
rElec   .          Harm     .   (no cloak)
rCorr   .          Rampage  .   g - +2 pair of gloves
Will    +....                   (no boots)
Stlth   ++........              (no amulet)
HPRegen 0.00/turn               S - +6 ring of strength
MPRegen 0.12/turn               (no ring)

@: no status effects
A: damage resistance, heal wounds, sense surroundings 2, no regeneration, clumsy
1
a: Heal Wounds


You were on level 7 of the Dungeon.
You visited 1 branch of the dungeon, and saw 7 of its levels.
You also visited: Sewer.

You collected 249 gold pieces.


Innate Abilities, Weirdness & Mutations

You are resistant to damage.
You can heal yourself by infusing magical energy.
You passively map the area around you.
You do not regenerate.
You are clumsy. (Dex -2)


   Skills:
 - Level 2.1 Dodging
 - Level 2.4 Stealth
 - Level 2.0 Spellcasting
 - Level 0.8 Transmutations
 + Level 15.3 Earth Magic


You had 6 spell levels left.
You knew the following spells:

 Your Spells              Type           Power      Damage    Failure   Level
t - Stone Arrow           Conj/Erth      64%        3d11      2%          3
w - Passwall              Tmut/Erth      28%        N/A       1%          2
z - Sandblast             Erth           100%       2d20      1%          1

Your spell library contained the following spells:

 Spells                   Type           Power      Damage    Failure   Level
 Petrify                  Tmut/Erth      34%        N/A       7%          4
 Dazzling Flash           Conj/Hex       4%         N/A       50%         3
 Summon Guardian Golem    Hex/Summ       2%         N/A       50%         3
 Swiftness                Air            2%         N/A       50%         3
 Iskenderun's Mystic Bla  Conj/Tloc      2%         2d3       88%         4
 Invisibility             Hex            1%         N/A       100%        6
 Starburst                Conj/Fire      1%         6d3       100%        6
 Orb of Destruction       Conj           1%         N/A       100%        7
 Spellforged Servitor     Conj/Summ      1%         N/A       100%        7

Inventory:

Hand Weapons
 d - a +0 dagger of protection
 h - a +1 dagger of flaming
 k - the +9 trident of Chagrin (weapon) {freeze, rF+}
   (You found it on level 6 of the Dungeon)

   It freezes those it strikes, dealing additional cold damage.
   It can also slow down cold-blooded creatures.
   rF:        It protects you from fire.
Missiles
 f - 34 stones
 i - 11 poisoned darts
Armour
 b - a +0 robe
 g - a +2 pair of gloves (worn)
 o - a +0 leather armour (worn)
Jewellery
 C - a ring of ice
 S - a +6 ring of strength (left hand)
Wands
 l - a wand of flame (18)
Scrolls
 a - 4 scrolls of teleportation {@r2}
 j - 2 scrolls of identify {@r1}
 m - a scroll of vulnerability {unknown}
Potions
 c - 2 potions of haste {@q3}
 e - 4 potions of curing {@q1}
 n - a potion of brilliance

Dungeon Overview and Level Annotations

Branches:
Dungeon (7/15)              Sewer (visited)
 Temple: D:4-7

Altars:
Nemelex Xobeh
Trog

Annotations:
D:7 Joseph

░░░░.....8...8.8..░░
░.░................░
░...░....8.8.8.....░░
.......†.░..░░░.....░░
..<.......░.░░░......░░
...........░░░..[.....░░
.............░.........░
......8.8...............
**
.░░.............@..).░..
. ░...8.8.......<....░ *
, , .
░.......░░.........░, *
)*░...........░@....░...
, , ,, .....░........░*
, , , .....░░░.......,,
, , , * .... ....... ,,,
* , ... .......,, ,, , ,
, , , ,.......,, , ,,


You could see Joseph.


Message History

The blast of sand hits the water moccasin!!
You kill the water moccasin!
You have reached level 9!
Your experience leads to an increase in your attributes!
Your base attributes are Str 11, Int 19, Dex 13.
Increase (S)trength, (I)ntelligence, or (D)exterity?
You feel clever.
Your attunement to dungeon structure grows.
Okay, then.
Okay, then.
Use which ability? (? or * to list)
Your magical essence is drained by the effort!
You feel much better.
Your magical contamination has completely faded away.
You are no longer poisoned.
m - a scroll labelled LIEXTARAEW Joseph shouts!
Joseph zaps a wand.
You resist with some effort.
Joseph zaps a wand.
Your mind is blasted!
* * * LOW HITPOINT WARNING * * *
Casting: Sandblast (safe; 1% risk of failure)
Confirm with . or Enter, or press ? or * to list all spells.
Aiming: Sandblast (safe; 1% risk of failure)
Press: ? - help, Shift-Dir - straight line, f - Joseph
Aim: Joseph, wielding a +0 quarterstaff, wearing a +0 ring mail, quivering sling bullets and carrying a wand of mindburst (6) (86% to hit)
The blast of sand hits Joseph!
Joseph is lightly wounded.
Joseph unwields a +0 quarterstaff.
Joseph wields a +0 hunting sling.
Joseph shoots a sling bullet.
The sling bullet hits you!!
You die...

Skill      XL: |  1  2  3  4  5  6  7  8 |
---------------+-------------------------+-----
Earth Magic    | 5 6 8 9 10 12 15 | 15.3
Spellcasting   | 2 |  2.0
Dodging        | |  2.1
Stealth        | |  2.4
Transmutations | |  0.8

Action                   |  1- 3 |  4- 6 |  7- 9 || total
-------------------------+-------+-------+-------++-------
Melee: Unarmed           |    18 |       |    11 ||    29
       Dagger            |    24 |    95 |   103 ||   222
       Trident           |       |       |     1 ||     1
Throw: Dart              |       |    27 |     6 ||    33
 Cast: Sandblast         |    44 |    25 |    59 ||   128
       Passwall          |     2 |     1 |     1 ||     4
       Stone Arrow       |       |    18 |    34 ||    52
 Abil: Heal Wounds       |       |     1 |     2 ||     3
Evoke: Wand              |       |       |     2 ||     2
  Use: Potion            |       |     8 |     6 ||    14
       Scroll            |       |     1 |     8 ||     9
 Stab: Sleeping          |     1 |     4 |     3 ||     8
Armor: Robe              |     5 |    15 |       ||    20
       Leather armour    |       |       |    68 ||    68
       Skin              |       |       |     9 ||     9
Dodge: Dodged            |    39 |    71 |    86 ||   196

Levels and vault maps discovered:
D:1:      nagdon_arrival_zigzag_paths, layout_basic, minivault_4
D:2:      layout_rooms, dreamdust_ecumenical_altar_statues,
          minmay_indecisive_spiral, uniq_natasha
D:3:      layout_loops_ring, gup_sewer_entry_spiral, serial_glass,
          glass_columns_c, glass_columns_c, grunt_decor_cap, uniq_terence
D:4:      layout_loops_ring
D:5:      layout_loops_corners
D:6:      layout_basic, grunt_temple_overflow_open, serial_glass,
          glass_columns_b, glass_columns_a, st_stairs_11
D:7:      layout_cave_pools, minmay_temple_entry_fiery, serial_column_ruins,
          column_ruins_corridor_T, column_ruins_corridor_straight,
          column_ruins_open_tiny, column_ruins_grid_3, column_ruins_grid_3,
          column_ruins_grid_1, uniq_prince_ribbit1, uniq_crazy_yiuf_cottage,
          uniq_joseph

Notes
Turn   | Place    | Note
-------+----------+-------------------------------------------
     0 | D:1      | Irenicus the Deep Dwarf Earth Elementalist began the quest
                  | for the Orb.
     0 | D:1      | Reached XP level 1. HP: 15/15 MP: 3/3
   256 | D:1      | Reached XP level 2. HP: 22/22 MP: 0/4
   323 | D:1      | Reached skill level 5 in Earth Magic
   450 | D:1      | Learned a level 2 spell: Passwall
   571 | D:1      | Reached XP level 3. HP: 24/28 MP: 2/5
   706 | D:2      | Reached skill level 6 in Earth Magic
   860 | D:2      | Reached XP level 4. HP: 28/36 MP: 1/6
   911 | D:2      | Found a faded altar of an unknown god.
   963 | D:2      | Noticed Natasha
   968 | D:2      | Killed Natasha
   969 | D:2      | Reached skill level 7 in Earth Magic
  1036 | D:3      | Learned a level 3 spell: Stone Arrow
  1068 | D:3      | Noticed a centaur
  1077 | D:3      | Killed a centaur
  1078 | D:3      | Reached skill level 8 in Earth Magic
  1078 | D:3      | Reached XP level 5. HP: 33/42 MP: 1/7
  1142 | D:3      | Gained mutation: You are clumsy. (Dex -2) [potion of
                  | mutation]
  1199 | D:3      | Found a glowing drain.
  1203 | Sewer    | Entered a sewer
  1269 | Sewer    | Reached skill level 9 in Earth Magic
  1269 | Sewer    | Reached XP level 6. HP: 43/49 MP: 1/8
  1636 | D:3      | Reached skill level 10 in Earth Magic
  1646 | D:3      | Noticed Terence
  1656 | D:3      | Killed Terence
  1835 | D:3      | Reached XP level 7. HP: 29/55 MP: 0/9
  1987 | D:4      | Reached skill level 11 in Earth Magic
  2287 | D:4      | Reached skill level 12 in Earth Magic
  2484 | D:5      | Entered Level 5 of the Dungeon
  2654 | D:5      | Reached XP level 8. HP: 19/62 MP: 1/10
  2708 | D:5      | Reached skill level 13 in Earth Magic
  3021 | D:5      | Reached skill level 2 in Spellcasting
  3172 | D:6      | HP: 6/62 [centaur/arrow (9)]
  3173 | D:6      | Identified a potion of resistance
  3179 | D:6      | HP: 4/62 [centaur/arrow (8)]
  3181 | D:6      | Reached skill level 14 in Earth Magic
  3416 | D:6      | Reached skill level 15 in Earth Magic
  3496 | D:6      | Identified the +9 trident of Chagrin {freeze, rF+}
  3613 | D:6      | Found a sparkling altar of Nemelex Xobeh.
  3616 | D:6      | Found a bloodstained altar of Trog.
  3654 | D:7      | Noticed Joseph
  3699 | D:7      | Gained mutation: You passively map the area around you.
                  | [Deep Dwarf growth]
  3699 | D:7      | Reached XP level 9. HP: 13/68 MP: 1/12
  3715 | D:7      | Shot with a sling bullet by Joseph

Vanquished Creatures
  2 water moccasins
  A black bear (D:4)
  An ogre (D:4)
  2 centaurs
  2 kobold brigands (Sewer)
  4 scorpions
  A wight (D:6)
  A howler monkey (D:6)
  2 centaur zombies
  A bullfrog zombie (D:5)
  3 orc priests
  4 hounds
  A gnoll shaman (D:6)
  A centaur skeleton (D:6)
  A bullfrog skeleton (D:5)
  Terence (D:3)
  2 iguanas (D:4)
  Natasha (D:2)
  4 orc wizards (D:6)
  A killer bee zombie (D:3)
  A hound zombie (D:5)
  7 gnolls
  15 adders
  A river rat (Sewer)
  6 worms
  6 dart slugs
  11 orcs
  10 ball pythons
  11 endoplasms
  2 giant cockroaches (D:2)
  3 hobgoblins
  7 jackals
  A quokka (D:2)
  5 bats
  7 frilled lizards
  7 goblins
  8 kobolds
  7 rats
151 creatures vanquished.

Table legend: (Time is in decaauts)
 A = Elapsed time spent in this place.
 B = Non-inter-level travel time spent in this place.
 C = Inter-level travel time spent in this place.
 D = Time resting spent in this place.
 E = Time spent auto-exploring this place.
 F = Levels seen in this place.
 G = Mean time per level.
                   A        B        C        D        E       F      G
               +--------+--------+--------+--------+--------+-----+--------+
         Total |   3818 |   3690 |    128 |     73 |    190 |   8 |  477.2 |
       Dungeon |   3385 |   3257 |    128 |     73 |    190 |   7 |  483.6 |
         Sewer |    433 |    433 |      0 |      0 |      0 |   1 |  433.0 |
               +--------+--------+--------+--------+--------+-----+--------+

Top non-repeatable levels by time:
     D:1: 684 daAuts
     D:5: 605 daAuts
     D:6: 596 daAuts
     D:3: 581 daAuts
     D:4: 553 daAuts
   Sewer: 433 daAuts
     D:2: 335 daAuts
     D:7: 27 daAuts

Table legend:
 A = Non-vault XP
 B = Vault XP
 C = Vault XP percentage of total XP
 D = Non-vault monster count
 E = Vault monster count
 F = Vault count percentage of total count
                 A         B        C        D         E       F
            +---------+---------+-------+---------+---------+-------
      Total |    2258 |     563 |  20.0 |     121 |      30 |  19.9
            +---------+---------+-------+---------+---------+-------
        D:1 |      48 |       0 |   0.0 |      27 |       0 |   0.0
        D:2 |      54 |      52 |  49.1 |      18 |       5 |  21.7
        D:3 |     218 |      84 |  27.8 |      16 |       6 |  27.3
        D:4 |     509 |       0 |   0.0 |      20 |       0 |   0.0
        D:5 |     677 |       0 |   0.0 |      20 |       0 |   0.0
        D:6 |     601 |     142 |  19.1 |      19 |       3 |  13.6
        D:7 |     151 |       0 |   0.0 |       1 |       0 |   0.0
      Sewer |       0 |     285 | 100.0 |       0 |      16 | 100.0
            +---------+---------+-------+---------+---------+-------
